Cogmind - Beta 11.1 @@@ ROGUE MODE // 2022.06.20 @ 11:37:33 Player: Delirus Result: Destroyed by S-43 Plague with Heavy Machine Gun Performance ------------- Evolutions (9) 4500 Regions Visited (14) 2800 Robots Destroyed (63) 315 Value Destroyed (2001) 2001 Prototype IDs (33) 660 Alien Tech Used (0) 0 Bonus (367) 367 TOTAL SCORE: 10643 Bonus ------- Follower Combat Kills 67 Aligned with FarCom 300 Cogmind --------- Core Integrity 0/1600 Matter 165/300 Energy 98/100 System Corruption 10% Temperature Cool (0) Movement Core (50) Location -1/Access Parts ------- > --- POWER (2) -------- (None) > --- PROPULSION (8) --- (None) > --- UTILITY (13) ----- Advanced Terrain Scan Processor > --- WEAPON (2) ------- (None) > --- INVENTORY (5) ---- Transmission Jammer Advanced Reaction Control System Power Sword Peak State ------------ > --- POWER ------------ Micro Antimatter Reactor Micro Antimatter Reactor > --- PROPULSION ------- Nuclear Pulse Array Field Propulsion Array Field Propulsion Array Impulse Thruster Array > --- UTILITY ---------- Advanced Power Amplifier Trap Scanner Enhanced Optical Array Advanced Signal Interpreter Advanced Terrain Scanner Advanced Terrain Scan Processor Improved Melee Analysis Suite Advanced Reaction Control System Cloak of Protection Hacking Suite Hacking Suite Hacking Suite Improved System Shield > --- WEAPON ----------- Micro-nuke Launcher Force Lance > --- INVENTORY -------- Energy Well Transmission Jammer Advanced ECM Suite Linear Accelerator Power Sword [Rating: 150] Favorites ----------- Power Ion Engine Engine Ion Engine Power Core Light Fission Core Reactor Micro Antimatter Reactor Propulsion Field Propulsion Array Treads Armored Treads Leg Aluminum Leg Wheel Compact Wheel Hover Unit Gravmag System Flight Unit Field Propulsion Array Utility Hacking Suite Device Trap Scanner Storage Large Storage Unit Processor Advanced Terrain Scan Processor Hackware Hacking Suite Protection Improved Propulsion Shielding Weapon Light EM Pulse Cannon Energy Gun Medium Laser Energy Cannon Light EM Pulse Cannon Ballistic Gun Shotgun Ballistic Cannon Light Cannon Launcher Rocket Launcher Impact Weapon Maul Slashing Weapon Power Sword Piercing Weapon Force Lance Build | -11 -10 -10 -10 -9 -8 -7 -6 -5 -5 -5 -4 -3 -2 -1 ------- Run | Scr Mat Min Exi Min Mat Fac Fac Fac Upp Upp Fac Res Res Acc Slots Evolved 18 | . . . . . 4 2 2 2 . . 2 2 2 2 Power 1 | . . . . . . . . 1 . . . . . . Propulsion 6 | . . . . . 1 . . 1 . . . 2 . 2 Utility 11 | . . . . . 3 2 2 . . . 2 . 2 . Weapon . | . . . . . . . . . . . . . . . Parts Attached 139 | . 21 6 . 3 15 20 19 4 . 1 8 21 9 12 Power 13 | . 2 . . . 1 1 1 1 . . 2 4 . 1 Engine 5 | . 2 . . . 1 1 . . . . . 1 . . Core 4 | . . . . . . . 1 1 . . 1 1 . . Reactor 4 | . . . . . . . . . . . 1 2 . 1 Propulsion 30 | . 7 1 . 1 5 5 5 1 . . 1 2 1 1 Treads 6 | . 1 1 . . 4 . . . . . . . . . Leg 3 | . 3 . . . . . . . . . . . . . Wheel 5 | . 3 . . 1 1 . . . . . . . . . Hover 6 | . . . . . . 5 1 . . . . . . . Flight 10 | . . . . . . . 4 1 . . 1 2 1 1 Utility 60 | . 4 3 . . 4 10 10 1 . . 4 13 6 5 Device 41 | . 2 3 . . 1 6 6 1 . . 2 11 5 4 Storage 4 | . 2 . . . . . . . . . . 1 . 1 Processor 7 | . . . . . 2 1 2 . . . 2 . . . Hackware 5 | . . . . . 1 1 1 . . . . 1 1 . Protection 3 | . . . . . . 2 1 . . . . . . . Artifact . | . . . . . . . . . . . . . . . Weapon 36 | . 8 2 . 2 5 4 3 1 . 1 1 2 2 5 Energy Gun 4 | . 4 . . . . . . . . . . . . . Energy Cannon 6 | . 3 1 . . 1 1 . . . . . . . . Ballistic Gun 2 | . . . . 2 . . . . . . . . . . Ballistic Cannon 7 | . 1 . . . 3 . . . . . . . 1 2 Launcher 6 | . . . . . . 1 1 . . . 1 1 . 2 Special Weapon . | . . . . . . . . . . . . . . . Impact Weapon 1 | . . 1 . . . . . . . . . . . . Slashing Weapon 9 | . . . . . 1 2 2 1 . 1 . . 1 1 Piercing Weapon 1 | . . . . . . . . . . . . 1 . . Special Melee Weapon . | . . . . . . . . . . . . . . . Unidentified Prototypes . | . . . . . . . . . . . . . . . Parts Lost 23 | . . . . 1 1 . 1 . . . . 3 . 17 Power 4 | . . . . . 1 . . . . . . 2 . 1 Propulsion 4 | . . . . 1 . . . . . . . . . 3 Utility 12 | . . . . . . . 1 . . . . . . 11 Weapon 3 | . . . . . . . . . . . . 1 . 2 Highest Loss Streak 16 | . . . . 1 1 . 1 . . . . 2 . 16 To Critical Strikes . | . . . . . . . . . . . . . . . Average Slot Usage (%) 92 | . 93 100 100 99 98 98 95 81 82 82 84 84 86 76 Engine 6 | . 13 14 14 14 9 7 . . . . . 1 . . Core 1 | . . . . . . . 5 5 5 5 . 1 . . Reactor 1 | . . . . . . . . . . . 4 4 8 7 Treads 7 | . 1 9 14 14 24 7 . . . . . . . . Leg 1 | . 13 4 . . . . . . . . . . . . Wheel 4 | . 12 14 14 13 2 . . . . . . . . . Hover 1 | . . . . . . 15 3 . . . . . . . Flight 5 | . . . . . . . 14 11 11 11 10 14 13 14 Device 15 | . 8 14 14 14 9 12 21 22 23 23 21 18 21 17 Storage 6 | . 14 14 14 14 9 2 . . . . . . . . Processor 10 | . . . . . 17 14 13 11 11 11 20 19 17 15 Hackware 9 | . . . . . 8 13 16 17 17 17 15 14 17 15 Protection 1 | . . . . . . 7 4 . . . . . . . Energy Gun 1 | . 14 1 . . . . . . . . . . . . Energy Cannon 5 | . 8 10 14 12 8 3 . . . . . . . . Ballistic Cannon 5 | . 4 14 14 12 8 1 . . . . . . . . Launcher 1 | . . . . . . 4 3 5 5 . 4 1 . 1 Slashing Weapon 2 | . . . . . . 5 8 5 5 10 5 4 4 1 Naked Turns . | . . . . . . . . . . . . . . . Heaviest Build 50 | 12 35 33 33 33 35 43 21 23 23 23 29 40 42 50 Greatest Support 60 | 20 20 16 16 20 40 60 30 30 30 30 30 45 44 59 Greatest Overweight (x) 8 | . 8 2 2 3 3 1 1 . . . . . . 2 Average Overweight (x) . | . 1 1 2 1 1 . . . . . . . . . Largest Inventory Capacity 15 | 8 15 15 15 15 15 15 5 5 5 5 5 5 5 5 Average Capacity 10 | 8 14 15 15 15 15 8 5 5 5 5 5 5 5 5 Most Carried 15 | 8 15 15 15 15 15 15 5 5 5 5 5 5 5 5 Average Carried 9 | 6 12 14 14 14 14 7 4 3 4 4 4 4 4 4 Final Capacity 15 | 8 15 15 15 15 15 5 5 5 5 5 5 5 5 5 Final Carried 15 | 8 15 15 15 14 15 5 5 4 5 5 5 5 5 3 Class Distribution -------------------- 52% | Mutant 36% | Hacker-Ninja 6% | Scavenger-Scout Dominant Class ---------------- Mutant | -10/Materials Mutant | -10/Mines Mutant | -10/Exiles Mutant | -9/Mines Mutant | -8/Materials Scavenger-Scout | -7/Factory Hacker-Ninja | -6/Factory Hacker-Ninja | -5/Factory Hacker-Ninja | -5/Upper Caves Hacker-Ninja | -5/Upper Caves Hacker-Ninja | -4/Factory Hacker-Ninja | -3/Research Hacker-Ninja | -2/Research Hacker-Ninja | -1/Access Resources | -11 -10 -10 -10 -9 -8 -7 -6 -5 -5 -5 -4 -3 -2 -1 ----------- Run | Scr Mat Min Exi Min Mat Fac Fac Fac Upp Upp Fac Res Res Acc Matter Collected 1928 | 200 224 71 . 110 284 70 176 259 51 47 . 303 87 46 Remotely . | . . . . . . . . . . . . . . . Salvage Created 2655 | 69 609 19 . 118 450 117 271 220 12 102 . 452 170 46 Parts 133 | 3 24 3 . 6 22 10 9 5 1 5 . 24 16 5 Haulers Intercepted 7 | . 1 . . . 3 . 1 1 . . . 1 . . Recyclers Shooed 3 | 1 1 . . . 1 . . . . . . . . . Parts Field Recycled . | . . . . . . . . . . . . . . . Retrieved Matter . | . . . . . . . . . . . . . . . Parts Self-Destructed 4 | . . . . . . . . . . 4 . . . . Prevented . | . . . . . . . . . . . . . . . Kills | -11 -10 -10 -10 -9 -8 -7 -6 -5 -5 -5 -4 -3 -2 -1 ------- Run | Scr Mat Min Exi Min Mat Fac Fac Fac Upp Upp Fac Res Res Acc Combat Hostiles Destroyed 37 | . 13 . . 6 6 2 1 . . 4 . 4 . 1 Melee 11 | . . . . . . 2 1 . . 4 . 4 . . Guns 10 | . 6 . . 4 . . . . . . . . . . Cannons 15 | . 7 . . 2 6 . . . . . . . . . AOE 1 | . . . . . . . . . . . . . . 1 Classes Destroyed 11 | 2 4 . . 1 3 1 . . . . . . . . Worker 2 | . . . . . 1 . . . . . . 1 . . Tunneler 2 | 1 . 1 . . . . . . . . . . . . Hauler 7 | . 1 . . . 3 . 1 1 . . . 1 . . Recycler 4 | 1 1 . . . . . 1 1 . . . . . . Operator 3 | . 1 . . . . 1 . . . . . 1 . . Watcher 8 | . . . . . 2 . . 1 . . . 1 4 . Swarmer 11 | . 3 . . 4 . . . . . 4 . . . . Grunt 13 | . 10 . . 1 2 . . . . . . . . . Duelist 2 | . . . . 1 1 . . . . . . . . . Sentry 3 | . . . . . 3 . . . . . . . . . Programmer 8 | . . . . . . 2 1 . . . . 4 . 1 Decomposer 1 | . . . . . . . . . 1 . . . . . Best Kill Streak 4 | 2 4 1 . 4 4 1 1 1 . 3 . 2 1 1 Combat Bots Only 4 | . 4 . . 4 4 1 1 . . 3 . 2 . 1 Max Kills in Single Turn 2 | 1 2 1 . 2 2 1 1 1 1 1 . 1 1 1 Gunslinging 1 | . . . . 1 . . . . . . . . . . Exploded 1 | . . . . . . . . . . . . . . 1 Melee 1 | . . . . . . 1 1 . . 1 . 1 . . Uniques/NPCs Destroyed . | . . . . . . . . . . . . . . . Combat | -11 -10 -10 -10 -9 -8 -7 -6 -5 -5 -5 -4 -3 -2 -1 -------- Run | Scr Mat Min Exi Min Mat Fac Fac Fac Upp Upp Fac Res Res Acc Damage Taken 4857 | . 340 . . 175 360 188 293 . . 70 . 822 59 2550 Core 2080 | . 101 . . 59 80 76 47 . . 15 . 89 . 1613 Absorbed by Shields . | . . . . . . . . . . . . . . . Redirected to Shielding 39 | . . . . . . 18 21 . . . . . . . Core Remaining (%) 88 | 100 . . . 36 85 89 94 . . 98 100 93 100 . Volleys Fired 119 | 7 38 1 . 13 32 8 . . 8 . . 2 1 9 Largest 2 | 2 2 2 . 2 2 2 . . 1 . . 1 1 1 Hottest 121 | 100 121 100 . 91 100 112 . . 33 . . 33 66 66 Shots Fired 211 | 14 74 2 . 27 64 10 . . 8 . . 2 1 9 Gun 82 | 14 47 1 . 14 6 . . . . . . . . . Cannon 112 | . 27 1 . 13 58 4 . . . . . . 1 8 Launcher 17 | . . . . . . 6 . . 8 . . 2 . 1 Special . | . . . . . . . . . . . . . . . Kinetic 73 | . 7 1 . 21 35 . . . . . . . 1 8 Thermal 62 | 14 47 1 . . . . . . . . . . . . Explosive 17 | . . . . . . 6 . . 8 . . 2 . 1 Electromagnetic 59 | . 20 . . 6 29 4 . . . . . . . . Robot Hit Streak 14 | 3 11 2 . 5 14 4 . . . . . . . . Robot Miss Streak 6 | 6 4 4 . 5 5 2 . . . . . . . . Penetration Max . | . . . . . . . . . . . . . . . Secondary Targets 2 | . . . . 2 . . . . . . . . . . Max Gunslinging Chain 1 | . . . . 1 . . . . . . . . . . Shots Hit Robots 185 | 5 50 2 . 17 45 8 14 7 1 6 . 25 5 . Core Hits 89 | 3 23 2 . 9 19 4 4 4 . 4 . 10 2 5 Critical Kills . | . . . . . . . . . . . . . . . Critical Parts Destroyed . | . . . . . . . . . . . . . . . Critical Strikes 9 | . 2 . . . . 1 1 . . . . 2 3 . Burn 1 | . 1 . . . . . . . . . . . . . Blast 1 | . 1 . . . . . . . . . . . . . Sever 4 | . . . . . . 1 1 . . . . 2 . . Impale 3 | . . . . . . . . . . . . . 3 . Melee Attacks 170 | . . 1 . . 1 23 28 11 1 9 2 59 15 20 Impact 1 | . . 1 . . . . . . . . . . . . Slashing 114 | . . . . . 1 23 28 11 1 9 2 31 2 6 Piercing 55 | . . . . . . . . . . . . 28 13 14 Sneak Attacks 12 | . . . . . . . 3 3 1 . . 4 1 . Combat Hostiles . | . . . . . . . . . . . . . . . Follow-up Attacks 4 | . . . . . . . . . . 1 . 3 . . Damage Inflicted 6194 | 61 888 26 . 278 1011 260 637 417 95 236 . 1453 419 413 Guns 689 | 61 419 7 . 136 66 . . . . . . . . . Cannons 1542 | . 440 19 . 134 895 54 . . . . . . . . Explosions 392 | . 29 . . . 50 . . . . . . . . 313 Melee 3334 | . . . . . . 206 572 417 95 236 . 1389 419 . Ramming 237 | . . . . 8 . . 65 . . . . 64 . 100 Kinetic 751 | . 67 19 . 169 496 . . . . . . . . . Thermal 566 | 61 448 7 . . 50 . . . . . . . . . Explosive 313 | . . . . . . . . . . . . . . 313 Electromagnetic 993 | . 373 . . 101 465 54 . . . . . . . . Impact . | . . . . . . . . . . . . . . . Slashing 2338 | . . . . . . 206 572 417 95 236 . 812 . . Piercing 996 | . . . . . . . . . . . . 577 419 . Highest Corruption 10 | . . . . 2 . 1 1 . . . . 10 . 10 Average Corruption 4 | . . . . 2 . 1 1 . . . . 6 . 5 Corruption Purged . | . . . . . . . . . . . . . . . Corruption Blocked . | . . . . . . . . . . . . . . . Effects 27 | . . . . 3 . . . . . . . 20 . 4 Message Errors 5 | . . . . . . . . . . . . 4 . 1 Matter Fused 7 | . . . . . . . . . . . . 7 . . Heat Flow Errors 6 | . . . . . . . . . . . . 4 . 2 Energy Discharges 4 | . . . . 2 . . . . . . . 2 . . Data Loss (minor) 3 | . . . . . . . . . . . . 2 . 1 Data Loss (major) 1 | . . . . . . . . . . . . 1 . . Misfires 1 | . . . . 1 . . . . . . . . . . Overload Shots . | . . . . . . . . . . . . . . . Overflow Damage 747 | . . . . . 3 . 25 57 82 20 . 157 314 89 Projectiles 3 | . . . . . 3 . . . . . . . . . Explosions 89 | . . . . . . . . . . . . . . 89 Melee 655 | . . . . . . . 25 57 82 20 . 157 314 . Knockbacks 5 | . . . . 3 2 . . . . . . . . . Impact . | . . . . . . . . . . . . . . . Kinetic 4 | . . . . 2 2 . . . . . . . . . Secondary 1 | . . . . 1 . . . . . . . . . . Self-Inflicted Damage 409 | . 36 . . 3 . 40 63 . . . . 81 . 186 Shots 5 | . 1 . . . . 2 . . . . . 1 . 1 Rammed 5 | . . . . 3 . . 2 . . . . . . . Targets Rammed 5 | . . . . 3 . . 2 . . . . . . . Kicked . | . . . . . . . . . . . . . . . Crushed . | . . . . . . . . . . . . . . . Highest Temperature 285 | 216 285 . . 120 17 . 2 . . . . 242 20 182 Average Temperature 85 | 100 96 . . 50 8 . 2 . . . . 99 15 40 Received Heat Transfer 444 | . 159 . . . 171 9 69 . . . . 9 9 18 Effects 1 | . 1 . . . . . . . . . . . . . Interference 1 | . 1 . . . . . . . . . . . . . Siege Activations . | . . . . . . . . . . . . . . . Robots Corrupted . | . . . . . . . . . . . . . . . Combat Hostiles . | . . . . . . . . . . . . . . . Parts Fried 5 | . 1 . . . 3 1 . . . . . . . . Impact Corruptions . | . . . . . . . . . . . . . . . Robots Melted . | . . . . . . . . . . . . . . . Combat Hostiles . | . . . . . . . . . . . . . . . Parts Melted 4 | 1 2 . . . . . . . . . . 1 . . Heat Transferred 1536 | 185 1291 10 . . 50 . . . . . . . . . Parts Sabotaged . | . . . . . . . . . . . . . . . Parts Stolen . | . . . . . . . . . . . . . . . Parts Stripped . | . . . . . . . . . . . . . . . Power Chain Reactions 2 | . 1 . . . 1 . . . . . . . . . Missiles Intercepted . | . . . . . . . . . . . . . . . Alert | -11 -10 -10 -10 -9 -8 -7 -6 -5 -5 -5 -4 -3 -2 -1 ------- Run | Scr Mat Min Exi Min Mat Fac Fac Fac Upp Upp Fac Res Res Acc Peak Influence 435 | 10 265 81 . 93 435 99 103 56 . . 60 267 290 164 Initial 115 | . 6 6 . . 35 . 24 . . . 56 31 115 28 Average 78 | 5 92 18 . 26 160 30 45 23 . . 57 117 158 47 Maximum Alert Level 2 | . 1 . . . 2 . . . . . . 1 1 . Low Security (%) 87 | 100 91 100 . 100 52 100 100 100 . . 100 85 69 100 Level 1 10 | . 8 . . . 33 . . . . . . 14 30 . Level 2 2 | . . . . . 13 . . . . . . . . . Level 3 . | . . . . . . . . . . . . . . . Level 4 . | . . . . . . . . . . . . . . . Level 5 . | . . . . . . . . . . . . . . . High Security . | . . . . . . . . . . . . . . . Max Security . | . . . . . . . . . . . . . . . Squads Dispatched 17 | . 3 . . . 1 2 4 . . . . 4 . 3 Investigation 5 | . 2 . . . 1 . 2 . . . . . . . Extermination 5 | . . . . . . 2 1 . . . . 1 . 1 Reinforcement 7 | . 1 . . . . . 1 . . . . 3 . 2 Assault . | . . . . . . . . . . . . . . . Garrison . | . . . . . . . . . . . . . . . Intercept . | . . . . . . . . . . . . . . . Searches Triggered . | . . . . . . . . . . . . . . . Construction Impeded 2 | . . . . . . . 1 . . . . 1 . . Haulers Reinforced . | . . . . . . . . . . . . . . . Active Scanning Responses . | . . . . . . . . . . . . . . . Cargo Convoy Interrupts . | . . . . . . . . . . . . . . . Stealth | -11 -10 -10 -10 -9 -8 -7 -6 -5 -5 -5 -4 -3 -2 -1 --------- Run | Scr Mat Min Exi Min Mat Fac Fac Fac Upp Upp Fac Res Res Acc Distress Signals 5 | . 1 1 . . . . . . . . . 1 . 2 Communications Jammed 2 | . . . . . . . . . . . . . . 2 Distress Signals 2 | . . . . . . . . . . . . . . 2 Times Spotted 129 | . 22 3 . 7 13 7 6 1 . 4 . 26 8 32 Peak Tracking Total 18 | . 7 2 . 4 6 4 3 1 . 1 . 10 2 18 Tactical Retreats 19 | . . . . . . 2 3 . . . . 7 3 4 Traps | -11 -10 -10 -10 -9 -8 -7 -6 -5 -5 -5 -4 -3 -2 -1 ------- Run | Scr Mat Min Exi Min Mat Fac Fac Fac Upp Upp Fac Res Res Acc Traps Triggered 10 | . 4 . . . . 3 2 . . . . 1 . . Indirectly . | . . . . . . . . . . . . . . . Trap Hack Attempts . | . . . . . . . . . . . . . . . Triggered . | . . . . . . . . . . . . . . . Disarmed . | . . . . . . . . . . . . . . . Reprogrammed . | . . . . . . . . . . . . . . . Reused . | . . . . . . . . . . . . . . . Traps Extracted . | . . . . . . . . . . . . . . . Installed . | . . . . . . . . . . . . . . . Triggered 1 | . . . . . . . . . 1 . . . . . Machines | -11 -10 -10 -10 -9 -8 -7 -6 -5 -5 -5 -4 -3 -2 -1 ---------- Run | Scr Mat Min Exi Min Mat Fac Fac Fac Upp Upp Fac Res Res Acc Machines Disabled 7 | . 1 . . . 3 1 . . . . . 1 . 1 Max in Single Turn 1 | . 1 . . . 1 1 . . . . . 1 . 1 Garrison Access 7 | . . . . . 1 1 1 . . . 1 2 1 . Machines Sabotaged . | . . . . . . . . . . . . . . . Garrisons Compromised . | . . . . . . . . . . . . . . . Overloaded Fab Kills . | . . . . . . . . . . . . . . . Hacking | -11 -10 -10 -10 -9 -8 -7 -6 -5 -5 -5 -4 -3 -2 -1 --------- Run | Scr Mat Min Exi Min Mat Fac Fac Fac Upp Upp Fac Res Res Acc Machines Accessed 56 | . 7 . 1 . 9 6 8 3 . . 3 10 4 5 Terminals 36 | . 6 . . . 6 5 3 3 . . 2 5 2 4 Fabricators 3 | . . . . . . . 3 . . . . . . . Repair Stations 1 | . . . . . 1 . . . . . . . . . Recycling Units 3 | . 1 . . . 1 . . . . . . 1 . . Scanalyzers 4 | . . . . . . . 1 . . . . 2 1 . Garrison Access 8 | . . . . . 1 1 1 . . . 1 2 1 1 Total Hacks 160 | . 23 . 1 . 28 15 19 25 . . 9 22 10 8 Successful 83 | . 10 . 1 . 13 9 13 12 . . 4 11 6 4 Failed 75 | . 12 . . . 15 6 6 12 . . 5 11 4 4 Catastrophic 3 | . . . . . 1 . 1 . . . . 1 . . Database Lockouts 2 | . 1 . . . . . . 1 . . . . . . Manual 91 | . 15 . 1 . 19 8 12 14 . . 4 13 3 2 Terminals 122 | . 18 . . . 23 13 11 25 . . 7 13 6 6 Fabricators 5 | . . . . . . . 5 . . . . . . . Repair Stations 2 | . . . . . 2 . . . . . . . . . Recycling Units 8 | . 5 . . . 1 . . . . . . 2 . . Scanalyzers 9 | . . . . . . . 2 . . . . 4 3 . Garrison Access 13 | . . . . . 2 2 1 . . . 2 3 1 2 Terminal Hacks 36 | . 3 . 1 . 6 5 4 8 . . 2 2 2 3 Record 2 | . . . . . 2 . . . . . . . . . Part Schematic 3 | . . . . . . . 2 1 . . . . . . Prototype ID Bank 4 | . 1 . . . 1 2 . . . . . . . . Open Door 3 | . . . . . . . . . . . . . . 3 Open DSF 1 | . . . . . . . . . . . . 1 . . Branch Access Points 2 | . . . . . 1 1 . . . . . . . . Emergency Access Points 2 | . . . . . . . . 1 . . 1 . . . Terminal Index 3 | . . . . . . 1 1 1 . . . . . . Recycling Unit Index 1 | . . . . . . . . 1 . . . . . . Scanalyzer Index 1 | . . . . . . . . 1 . . . . . . Alert Level 1 | . . . . . . . . . . . . . 1 . Unreport Threat 5 | . 2 . . . 1 . . . . . . 1 1 . Locate Traps 4 | . . . . . . 1 1 1 . . 1 . . . Registered Components 2 | . . . . . 1 . . 1 . . . . . . Registered Prototypes 1 | . . . . . . . . 1 . . . . . . EX-Prototype ID Bank 1 | . . . 1 . . . . . . . . . . . Fabricator Hacks 2 | . . . . . . . 2 . . . . . . . Network Status 1 | . . . . . . . 1 . . . . . . . Build 1 | . . . . . . . 1 . . . . . . . Repair Station Hacks 2 | . . . . . 2 . . . . . . . . . Scan Component 1 | . . . . . 1 . . . . . . . . . Repair 1 | . . . . . 1 . . . . . . . . . Recycling Unit Hacks 3 | . 2 . . . 1 . . . . . . . . . Report Inventory 2 | . 1 . . . 1 . . . . . . . . . Retrieve Components 1 | . 1 . . . . . . . . . . . . . Scanalyzer 7 | . . . . . . . 2 . . . . 3 2 . Insert Component 4 | . . . . . . . 1 . . . . 2 1 . Analyze 3 | . . . . . . . 1 . . . . 1 1 . Garrison Access Hacks 6 | . . . . . . 1 1 . . . 1 2 1 . Seal Access 6 | . . . . . . 1 1 . . . 1 2 1 . Unauthorized Hacks 27 | . 5 . . . 4 3 4 4 . . 1 4 1 1 Terminals 22 | . 3 . . . 3 3 3 4 . . 1 3 1 1 Track 1 | . . . . . . . . 1 . . . . . . Assimilate 2 | . . . . . . 1 . . . . . . 1 . Botnet 19 | . 3 . . . 3 2 3 3 . . 1 3 . 1 Fabricators 1 | . . . . . . . 1 . . . . . . . Prioritize 1 | . . . . . . . 1 . . . . . . . Repair Stations . | . . . . . . . . . . . . . . . Recycling Units 3 | . 2 . . . . . . . . . . 1 . . Reject 2 | . 1 . . . . . . . . . . 1 . . Recyclers 1 | . 1 . . . . . . . . . . . . . Scanalyzers . | . . . . . . . . . . . . . . . Garrison Access 1 | . . . . . 1 . . . . . . . . . Jam 1 | . . . . . 1 . . . . . . . . . Data Cores Recovered . | . . . . . . . . . . . . . . . Used . | . . . . . . . . . . . . . . . Hacking Detections 43 | . 6 . . . 8 5 5 3 . . 3 8 3 2 Full Trace Events 1 | . 1 . . . . . . . . . . . . . Feedback Events . | . . . . . . . . . . . . . . . Feedback Blocked . | . . . . . . . . . . . . . . . Robot Schematics Acquired . | . . . . . . . . . . . . . . . Robots Built . | . . . . . . . . . . . . . . . Authchips . | . . . . . . . . . . . . . . . Time . | . . . . . . . . . . . . . . . Total Robot Build Rating . | . . . . . . . . . . . . . . . Part Schematics Acquired 6 | . . . . . . . 3 1 . . . 1 1 . Parts Built 2 | . . . . . . . 2 . . . . . . . Authchips . | . . . . . . . . . . . . . . . Time 29 | . . . . . . . 29 . . . . . . . Total Part Build Rating 14 | . . . . . . . 14 . . . . . . . Parts Repaired 1 | . . . . . 1 . . . . . . . . . Time 53 | . . . . . 53 . . . . . . . . . Parts Recycled . | . . . . . . . . . . . . . . . Recycled Matter . | . . . . . . . . . . . . . . . Retrieved Matter . | . . . . . . . . . . . . . . . Retrieved Components 1 | . 1 . . . . . . . . . . . . . Parts Scanalyzed 3 | . . . . . . . 1 . . . . 1 1 . Part Schematics Acquired 3 | . . . . . . . 1 . . . . 1 1 . Parts Damaged . | . . . . . . . . . . . . . . . Bothacking | -11 -10 -10 -10 -9 -8 -7 -6 -5 -5 -5 -4 -3 -2 -1 ------------ Run | Scr Mat Min Exi Min Mat Fac Fac Fac Upp Upp Fac Res Res Acc Used RIF Installer . | . . . . . . . . . . . . . . . Robots Hacked . | . . . . . . . . . . . . . . . Non-combat . | . . . . . . . . . . . . . . . Combat . | . . . . . . . . . . . . . . . Robot Hacks Applied . | . . . . . . . . . . . . . . . Relay Couplers Released . | . . . . . . . . . . . . . . . Fabnet Peak Effective % . | . . . . . . . . . . . . . . . Robots Rewired . | . . . . . . . . . . . . . . . Allies Hacked . | . . . . . . . . . . . . . . . Hacks Repelled . | . . . . . . . . . . . . . . . Allies | -11 -10 -10 -10 -9 -8 -7 -6 -5 -5 -5 -4 -3 -2 -1 -------- Run | Scr Mat Min Exi Min Mat Fac Fac Fac Upp Upp Fac Res Res Acc Total Allies 5 | . . 4 . . . . . . . . . . 1 . Largest Group 4 | . . 4 3 3 . . . . . . . . 1 . Highest-Rated Group 71 | . . 71 40 40 . . . . . . . . 45 . Highest-Rated Ally 45 | . . 31 16 16 . . . . . . . . 45 . Total Orders 4 | . . . . . . . . . . . . 2 2 . STAY 1 | . . . . . . . . . . . . . 1 . ROAM 1 | . . . . . . . . . . . . 1 . . FOLLOW 1 | . . . . . . . . . . . . . 1 . RETURN 1 | . . . . . . . . . . . . 1 . . Ally Attacks 23 | . . 4 . 19 . . . . . . . . . . Total Damage 292 | . . 42 . 250 . . . . . . . . . . Kills 7 | . . 3 . 4 . . . . . . . . . . Allies Corrupted . | . . . . . . . . . . . . . . . Allies Melted . | . . . . . . . . . . . . . . . Intel | -11 -10 -10 -10 -9 -8 -7 -6 -5 -5 -5 -4 -3 -2 -1 ------- Run | Scr Mat Min Exi Min Mat Fac Fac Fac Upp Upp Fac Res Res Acc Robot Analysis Total . | . . . . . . . . . . . . . . . Derelict Logs Recovered 4 | . . 1 . 2 . . . . 1 . . . . . Drone Launches 2 | . . . . . . . . . . . . 2 . . Drone Recoveries 1 | . . . . . . . . . . . . 1 . . Exploration | -11 -10 -10 -10 -9 -8 -7 -6 -5 -5 -5 -4 -3 -2 -1 ------------- Run | Scr Mat Min Exi Min Mat Fac Fac Fac Upp Upp Fac Res Res Acc Turns Passed 10967 | 46 1011 1148 553 960 1736 1092 803 434 445 115 203 1105 607 709 Spaces Moved 11330 | 20 666 698 425 672 690 1020 1564 959 505 81 487 1575 978 990 Core 93 | . 1 . . . . . . . . . . . . 92 Treads 747 | . . . . 8 570 169 . . . . . . . . Legs 91 | 20 71 . . . . . . . . . . . . . Wheels 2501 | . 594 698 425 664 120 . . . . . . . . . Hover 1049 | . . . . . . 851 198 . . . . . . . Flight 6849 | . . . . . . . 1366 959 505 81 487 1575 978 898 Fastest Speed 29 | 120 110 115 130 115 125 52 29 37 37 37 37 34 34 32 Average Speed 69 | 120 120 128 130 129 218 73 34 37 37 37 37 34 34 35 Slowest Speed 450 | 120 450 130 130 240 250 250 120 37 37 37 37 34 35 150 Overloaded Moves . | . . . . . . . . . . . . . . . Propulsion Burnouts . | . . . . . . . . . . . . . . . Robots Hopped 38 | . . . . . . . 5 5 . . . 13 7 8 Cave-ins Triggered 1 | . . . . . . . . . . . . 1 . . Exploration Rate (%) 44 | 3 74 97 79 95 60 22 28 24 74 11 15 42 27 18 Regions Visited 14 Branch Regions 5 Pre-discovered Areas 2 | . . 1 . 1 . . . . . . . . . . Known Exits Taken 3 | . . . . . . . . . . . 1 1 1 . Unknown Exits Taken 11 | 1 1 1 1 1 1 1 1 1 1 1 . . . . Scrap Searched 6 | . . 1 . 3 . . . . 1 1 . . . . Spaces Dug 220 | . . 1 . . 1 64 11 2 81 . 2 33 5 20 Terrain Destroyed 240 | . 2 1 . . 3 64 12 2 81 . 2 34 5 34 Melee 70 | . . 1 . . 1 13 11 2 . . 2 21 4 15 Projectile 8 | . . . . . 2 . . . . . . . 1 5 AOE 159 | . 2 . . . . 51 . . 81 . . 12 . 13 Terrain Rammed 3 | . . . . . . . 1 . . . . 1 . 1 Walls Destroyed 3 | . . . . . . . 1 . . . . 1 . 1 Machines Disabled . | . . . . . . . . . . . . . . . Actions | -11 -10 -10 -10 -9 -8 -7 -6 -5 -5 -5 -4 -3 -2 -1 --------- Run | Scr Mat Min Exi Min Mat Fac Fac Fac Upp Upp Fac Res Res Acc Total 13879 | 28 797 945 426 732 857 1323 1799 1021 753 157 508 2034 1202 1297 Wait 1971 | . 38 232 . 36 97 210 163 51 239 64 . 377 206 258 Move 11245 | 19 665 697 424 671 689 1019 1553 948 504 80 486 1550 965 975 Hop 33 | . . . . . . . 5 5 . . . 11 5 7 Pick Up 86 | 2 21 4 1 3 14 9 9 1 1 2 4 9 1 5 Fast Attach 22 | . 5 . . . . 1 4 . . . 4 6 1 1 Attach 42 | . 6 . . 1 5 7 5 2 . . 4 4 3 5 Detach 11 | . 1 . . . . . 4 . . . 1 1 1 3 Swap 75 | . 10 6 . 2 10 12 10 2 . 1 . 11 5 6 Drop 93 | . 13 4 1 3 9 18 16 1 . 2 7 9 1 9 Fire 119 | 7 38 1 . 13 32 8 . . 8 . . 2 1 9 Melee 155 | . . 1 . . 1 23 27 11 1 8 2 50 13 18 Ram 7 | . . . . 2 . . 3 . . . . 1 . 1 Kick . | . . . . . . . . . . . . . . . Crush 1 | . . . . 1 . . . . . . . . . . Escape Stasis 19 | . . . . . . 16 . . . . . 3 . . Rewire . | . . . . . . . . . . . . . . . Trap . | . . . . . . . . . . . . . . . Miscellaneous . | . . . . . . . . . . . . . . . Route ------- -11/Scrapyard -10/Materials (discovered 4 exits: [*Mat x3] / [*Min]) -10/Mines (discovered 3 exits: [*Mat x2] / *Exi) -10/Exiles -9/Mines (discovered 2 exits: *Mat x2) -8/Materials (discovered 2 exits: *Fac x2) -7/Factory (discovered 3 exits: *Fac / *Low x2) -6/Factory (discovered 2 exits: *Fac / [Ext]) -5/Factory (discovered 2 exits: *Fac / [*Upp]) -5/Upper Caves -5/Upper Caves -4/Factory -3/Research -2/Research -1/Access (discovered 1 exit: *Com) History --------- Turn | Location | Event 1 | -11/Scrapyard | Discovered new exit (range 3) 47 | -11/Scrapyard | Entered Materials 311 | -10/Materials | Build established: Mutant 408 | -10/Materials | Discovered new exit (range 9) 440 | -10/Materials | Discovered new exit (range 14) 555 | -10/Materials | Discovered new exit (range 11) 880 | -10/Materials | Discovered new exit (range 3) 928 | -10/Materials | Central database locked down 1058 | -10/Materials | Entered Mines 1098 | -10/Mines | Assembled infested the area 1103 | -10/Mines | Assisted by a Guerilla fighting off Assembled 1597 | -10/Mines | Discovered new exit (range 6) 1607 | -10/Mines | Assisted by bots powering up and referring to "LRC-V3" 1703 | -10/Mines | Discovered new exit (range 4) 1821 | -10/Mines | Learned location of Zion (-6) 1831 | -10/Mines | Deemed a non-threat by the Exiles lab entrance 1833 | -10/Mines | Discovered new exit (range 5) 1847 | -10/Mines | Received a Mining Laser from a helpful Derelict 1910 | -10/Mines | Received a Rocket Launcher from a helpful Derelict 2034 | -10/Mines | A weapon hastily lodged in a ceiling crevice suddenly fell to the ground 2206 | -10/Mines | Entered Exiles 2206 | -10/Exiles | Accompanied by 3 allies 2239 | -10/Exiles | Met 8R-AWN 2260 | -10/Exiles | Met EX-HEX 2295 | -10/Exiles | Met EX-BIN 2314 | -10/Exiles | Aligned with FarCom system 2316 | -10/Exiles | Given EX-Vault access code 2347 | -10/Exiles | Opened EX-Vault 2356 | -10/Exiles | Found Cloak of Protection 2386 | -10/Exiles | Warned to stay clear of 0b10 Research branches 2425 | -10/Exiles | Met EX-DEC 2466 | -10/Exiles | Visited The Gauntlet 2741 | -10/Exiles | Discovered new exit (range 14) 2759 | -10/Exiles | Left Exiles lab with Cloak of Protection 2759 | -10/Exiles | Entered Mines 2759 | -9/Mines | Accompanied by 3 allies 2762 | -9/Mines | Met a Derelict bent on vengeance 2762 | -9/Mines | Learned location of Storage (-9) 2796 | -9/Mines | Learned Materials garrison access intel 3658 | -9/Mines | Discovered new exit (range 8) 3672 | -9/Mines | Core integrity fell below 50% 3688 | -9/Mines | Discovered new exit (range 15) 3719 | -9/Mines | Entered Materials 3719 | -8/Materials | Evolved 4 slots: Propulsion x1, Utility x3 3720 | -8/Materials | Loaded intel: 1 garrison access location 4095 | -8/Materials | Repaired Corrupted Katana 4829 | -8/Materials | Discovered new exit (range 16) 5300 | -8/Materials | Discovered new exit (range 7) 5455 | -8/Materials | Entered Factory 5455 | -7/Factory | Evolved 2 slots: Utility x2 6151 | -7/Factory | Build established: Scavenger-Scout 6205 | -7/Factory | Discovered new exit (range 11) 6242 | -7/Factory | Identified exit to Lower Caves 6473 | -7/Factory | Discovered new exit (range 6) 6547 | -7/Factory | Entered another Factory area 6547 | -6/Factory | Evolved 2 slots: Utility x2 6852 | -6/Factory | Discovered new exit (range 11) 7014 | -6/Factory | Build established: Hacker-Ninja 7199 | -6/Factory | Fabricated Field Propulsion Array (x2) 7273 | -6/Factory | Discovered new exit (range 17) 7350 | -6/Factory | Entered another Factory area 7350 | -5/Factory | Evolved 2 slots: Power x1, Propulsion x1 7730 | -5/Factory | Central database locked down 7749 | -5/Factory | Discovered new exit (range 5) 7753 | -5/Factory | Discovered new exit (range 21) 7784 | -5/Factory | Entered Upper Caves 8176 | -5/Upper Caves | Learned Factory emergency access door positions 8190 | -5/Upper Caves | Discovered new exit (range 13) 8229 | -5/Upper Caves | Entered another Upper Caves area 8337 | -5/Upper Caves | Discovered new exit (range 7) 8344 | -5/Upper Caves | Entered Factory 8344 | -4/Factory | Evolved 2 slots: Utility x2 8541 | -4/Factory | Discovered new exit (range 14) 8546 | -4/Factory | Identified exit to Research 8547 | -4/Factory | Entered Research 8547 | -3/Research | Evolved 2 slots: Propulsion x2 8556 | -3/Research | Spotted B-86 Titan 8815 | -3/Research | Spotted B-86 Titan 8844 | -3/Research | Found Gamma Bomb Array 9030 | -3/Research | Crushed by falling debris 9414 | -3/Research | System corruption reached 10% 9629 | -3/Research | Discovered new exit (range 17) 9652 | -3/Research | Identified exit to Research 9652 | -3/Research | Entered another Research area 9652 | -2/Research | Evolved 2 slots: Utility x2 10254 | -2/Research | Discovered new exit (range 15) 10258 | -2/Research | Identified exit to Access 10259 | -2/Research | Entered Access 10259 | -1/Access | Evolved 2 slots: Propulsion x2 10468 | -1/Access | Discovered new exit (range 19) 10619 | -1/Access | Identified exit to Command 10936 | -1/Access | Core integrity fell below 50% 10952 | -1/Access | System corruption reached 10% 10965 | -1/Access | Core integrity fell below 20% 10966 | -1/Access | Lost 16 parts (1p3n10u2w) 10967 | -1/Access | Spotted B-99 Colossus 10968 | -1/Access | Destroyed by S-43 Plague with Heavy Machine Gun Last Messages --------------- 10921_ Destroyed Sml. Battery. 10923_ ZS,0Y3UB%HNXNEFZLJV0 10932_ Hacking Suite destroyed. 10933_ Penetrated by Slug. 10935_ Adv. ECM Suite destroyed. 10936_ Slug penetrates Wall. 10941_ System corrupted: Component data lost. 10957_ System corrupted: Heat flow error (+170). 10963_ Slug penetrates Wall. 10967_ Penetrated by Slug. 10967_ Slug penetrates Wall. 10968_ Imp. Melee Analysis Suite destroyed. Map ----- +----------------------------------------------------+ | ?????????????????????????????????????????????????? | | ?????????????????????????????????????????????????? | | ?????????????????????????????????????????????????? | | ????????????????????????????????????????????? ???? | | ?????????????????????????????????????????????????? | | ?????????????????????????????????????????????????? | | ?????????????????????????????????????????? ?? ? ?? | | ??????????????????????????????????????????????? ?? | | ?????????????????????????????????????????????????? | | ?????????????????????????????????????????????? ? | | ????????????????????????????????????#?#????##??### | | ???????????????????????????????????????##?####??## | | ???????????????????????????????????? ?#######? | | ??????????????????????????????????? ######### | | ?????????????????????????????????#? ######### | | ??????????????????????????????? #?# ######### | | ?????????????????????????????? ### ??###?#### | | ?????????????????????Y????????? ### #######?# | | ???????????????????????????? ######+########### | | ??????????????????????????? #?#### ########### | | ??????????????????????????? ##?### ## #? | | ?????????????????????????###+######### ## ## | | ???????????####+########## # ## | | ?????????? s + ## | | ?????????? ss # ## | | ?????????? @ s ################# | | ?????????????????#####+### s ## ########### | | ???????????????????????? ## ;; BB ########### | | ???????????????????????? ## #; BB ### | | ?????????????????????????## ##? #### | | ???????????????????????? ## ## ### ### | | ???????????????????????? ?# ## #### ### | | ???????????????????????? ## ## #### ## | | ???????????????????????? ?# ## h ###!* ## | | ???????????????????????? ## w " """[ ## | | ???????????????????????? ## " "" | ## | | ?????????????????????????## " ? """ [ # | | ???????????????????????? ## ##### h ## > ## | | ?????????????????????????## ##### ## ## | | ?????????????????????????## ##### ## ## | | ??????????????????????????#s ##### ######### | | ??????????????????????????#p ##### ######### | | ??????????????????????????#ss ##### #### | | ?????????????????????????## ##### #### | | ???????????############### #### #### | | ???????????# ############ ##### | | ???????????+ ############ ##### | | ???????????# ############ T#### | | ???????????# ### ############ ##### | | ???????????# #?################## # | +----------------------------------------------------+ Best States ------------- Heat Dissipation 52 Energy Generation 41 Energy Capacity 525 Matter Stores 300 Matter Capacity 300 Sight Range 22 Terrain Scan Range 20 Terrain Scan Density 210 ECM Strength 2 Jamming Range 12 Cloak Strength 5 Power Amplification 30 Armor Coverage 225 Propulsion Shielding 66 Melee Speed Boost 20 Evasion (%) 75 Targeting Accuracy 5 Melee Accuracy 6 Recoil Reduction 3 Offensive Hacking 30 Defensive Hacking 12 Item Schematics ----------------- Cld. Cesium-ion Thruster | -6/Factory | Scanalyzed Cld. VTOL Module | -6/Factory | Hacked Adv. Terrain Scanner | -6/Factory | Hacked Lgt. Angular Momentum Engine | -5/Factory | Hacked Drone Bay | -3/Research | Scanalyzed Adv. ECM Suite | -2/Research | Scanalyzed Robot Schematics ------------------ None Fabricated ------------ Field Propulsion Array | x2 | -6/Factory | Preloaded Alien Tech Used ----------------- None Achievements -------------- Denied? Dodgeball, But With Guns Rockin' Loadout Watch This! Challenges ------------ None Game ------ Seed SapperPlasmaArchive Manual? 0 Play Time 03:00:48 Cumulative 44.2 hours Start 2022.06.19 @ 18:22:14 End 2022.06.20 @ 11:37:33 Sessions 4 Manual Loads 0 Difficulty Rogue Special Mode None Game No. 36 Rogue 36 Adventurer 0 Explorer 0 Win Type - Total 0 Types 0/0/0/0/0/0/0/0/0 Lore% 18 Gallery% 38 Achievement% 33 Wizard Run 0 Options --------- ASCII 0 Keyboard 0 Movement Numpad Keybinds 0 Fullscreen 1 Font 12/Smallcaps Map View 83x54 Tactical HUD 1 Map Filters NONE Filters NONE Steam 1 RUN: 2314bd42-061e-4234-986f-11ed5dca7e32